 Dungeon Crawl Stone Soup version 0.29.1-15-g9cfb28693d (webtiles) character file.

Game seed: 14054924111741599488

106 leafyfresh the Sneak (level 4, -3/33 HPs)
             Began as an Octopode Delver on Apr 22, 2023.
             Frozen to death by an endoplasm (5 damage)
             ... on level 3 of the Dungeon.
             The game lasted 00:01:28 (1555 turns).

leafyfresh the Sneak (Octopode Delver)              Turns: 1555, Time: 00:01:28

Health: -3/33      AC:  1    Str: 11    XL:     4   Next: 84%
Magic:  4/4        EV: 14    Int: 14    God:
Gold:   57         SH:  0    Dex: 13    Spells: 3/3 levels left

rFire   . . .      SeeInvis .   a - +0 short sword
rCold   . . .      Faith    .   (no shield)
rNeg    . . .      Spirit   .   (helmet restricted)
rPois   .          Reflect  .   (no amulet)
rElec   .          Harm     .   (no ring)
rCorr   .          Rampage  .   (no ring)
Will    .....                   (no ring)
Stlth   +++++.....              (no ring)
HPRegen 0.11/turn               (no ring)
MPRegen 0.09/turn               (no ring)
                                (no ring)
                                (no ring)

@: no status effects
A: almost no armour, amphibious, 8 rings, camouflage 1, gelatinous body 1,
(nimble swimmer 1), tentacles
a: no special abilities


You were on level 3 of the Dungeon.
You visited 1 branch of the dungeon, and saw 3 of its levels.

You collected 57 gold pieces.

Inventory:

Hand Weapons
 a - a +0 short sword (weapon)
Wands
 f - a wand of digging (3)
Scrolls
 b - 2 scrolls of fog
 c - a scroll of magic mapping
 d - a scroll of fear
Potions
 e - a potion of haste
 g - a potion of might {unknown}
 h - a potion of cancellation {unknown}


   Skills:
 + Level 3.9 Fighting
 - Level 2.0 Short Blades
 + Level 3.2 Dodging
 + Level 7.6 Stealth


You had 3 spell levels left.
You didn't know any spells.
Your spell library contained the following spells:

 Spells                   Type           Power      Damage    Failure   Level
 Beastly Appendage        Tmut           0%         N/A       28%         1
 Wereblood                Tmut           0%         N/A       41%         2
 Spider Form              Tmut/Pois      0%         N/A       65%         3
 Summon Forest            Summ/Tloc      0%         N/A       100%        5
 Eringya's Noxious Bog    Tmut/Pois      0%         N/A       100%        6
 Summon Hydra             Summ           0%         N/A       100%        7


Dungeon Overview and Level Annotations

Branches:
Dungeon (5/15)
 Temple: D:4-7

Altars:

Annotations:
D:4 Pikel


Innate Abilities, Weirdness & Mutations

You cannot wear most types of armour.
You are amphibious.
You can wear up to eight rings at the same time.
Your skin changes colour to match your surroundings (Stealth+).
Your rubbery body absorbs attacks. (AC +1, EV +1)
((You are camouflaged when in or above water. (Stealth+)))
You have tentacles for arms and can constrict up to eight enemies at once.


Message History

You hit the lemure.
The lemure is lightly wounded.
You constrict the lemure. The lemure closely misses you.
You hit the lemure.
The lemure is moderately wounded.
You constrict the lemure.
The endoplasm quivers.
The lemure hits you.
You hit the lemure. You squeeze the lemure.
The lemure is severely wounded.
You constrict the lemure. The lemure hits you.
You hit the lemure but do no damage.
The lemure is severely wounded.
You constrict the lemure. The lemure closely misses you.
You hit the lemure but do no damage.
The lemure is severely wounded.
You constrict the lemure. The lemure hits you! The endoplasm misses you.
You completely miss the lemure. Your squeeze misses the lemure.
The lemure is severely wounded.
You constrict the lemure. The lemure barely misses you. The endoplasm hits you.
You hit the lemure.
The lemure is almost dead.
You constrict the lemure, but do no damage.
The lemure hits you!
* * * LOW HITPOINT WARNING * * *
The endoplasm freezes you.
You are frozen.
* * * LOW HITPOINT WARNING * * *
You hit the lemure.
You kill the lemure!
That felt strangely unrewarding.
The endoplasm barely misses you.
Unknown command.
You hit the endoplasm.
The endoplasm is severely wounded.
The endoplasm barely misses you.
You hit the endoplasm but do no damage.
The endoplasm is severely wounded.
The endoplasm freezes you.
You are frozen.
You die...

#. #. #$
#.######
####...$..#
.........####
#..........
#..@...#
#.J....#
#..###.# ....
# .#### #


You could see an endoplasm.

Vanquished Creatures
  2 lemures
  A scorpion (D:4)
  A hound (D:4)
  4 orcs (D:4)
  2 ball pythons (D:4)
  An endoplasm (D:4)
  2 goblins (D:4)
  A hobgoblin (D:4)
  3 jackals (D:4)
  A quokka (D:4)
18 creatures vanquished.

Notes
Turn   | Place    | Note
-------+----------+-------------------------------------------
     0 | D:5      | leafyfresh the Octopode Delver began the quest for the Orb.
     0 | D:5      | Reached XP level 1. HP: 16/16 MP: 1/1
     4 | D:5      | Noticed a phantom
    38 | D:4      | Noticed a scorpion
    45 | D:4      | Killed a scorpion
    46 | D:4      | Reached skill level 7 in Stealth
    46 | D:4      | Reached XP level 2. HP: 4/21 MP: 2/2
    46 | D:4      | Reached XP level 3. HP: 5/26 MP: 3/3
   546 | D:4      | Reached XP level 4. HP: 33/33 MP: 4/4
  1079 | D:4      | Noticed a lemure
  1097 | D:4      | Noticed Pikel
  1097 | D:4      | Noticed a lemure
  1097 | D:4      | Noticed a lemure
  1097 | D:4      | Noticed a lemure
  1109 | D:5      | Killed a lemure
  1553 | D:3      | Killed a lemure
  1555 | D:3      | Frozen to death by an endoplasm

Illustrated notes

Levels and vault maps discovered:
D:3:      layout_loops_cross
D:4:      layout_loops_cross, uniq_pikel
D:5:      layout_layer_cave, minmay_temple_entry_trees, uniq_ijyb, uniq_duvessa

Skill      XL: |  1  2  3 |
---------------+----------+-----
Stealth        | 7 |  7.6
Dodging        | 3 |  3.2
Fighting       | |  3.9
Short Blades   | |  2.0

Action                   |  1- 3 |  4- 6 || total
-------------------------+-------+-------++-------
Melee: Short sword       |     8 |    46 ||    54
       Tentacles         |     2 |     9 ||    11
       Constrict         |     1 |     7 ||     8
       Punch             |       |     1 ||     1
 Stab: Sleeping          |     1 |     8 ||     9
Dodge: Dodged            |     3 |    21 ||    24
